 Dungeon Crawl Stone Soup version 0.19.5 (webtiles) character file.

72 JeffiDaFish the Shield-Bearer (level 4, 0/29 HPs)
             Began as a Gargoyle Fighter on Mar 11, 2017.
             Killed by divine providence
             ... invoked by an orc priest
              (17 damage)
             ... on level 3 of the Dungeon.
             The game lasted 00:03:39 (1964 turns).

JeffiDaFish the Shield-Bearer (Gargoyle Fighter)    Turns: 1964, Time: 00:03:40

Health: 0/29       AC: 10    Str: 20    XL:     4   Next: 26%
Magic:  4/4        EV:  7    Int:  8    God:
Gold:   91         SH:  9    Dex: 10    Spells: 0 memorised, 3 levels left

rFire  . . .     SeeInvis .     k - +2 whip (elec)
rCold  . . .     Gourm    .     b - +0 scale mail
rNeg   + . .     Faith    .     c - +0 shield
rPois  ∞         Spirit   .     (no helmet)
rElec  +         Reflect  .     (no cloak)
rCorr  .         Harm     .     (no gloves)
MR     .....                    (no boots)
Stlth  ..........               m - amulet of regeneration
                                (no ring)
                                (no ring)

@: no status effects
A: negative energy resistance 1, electricity resistance, unbreathing,
petrification resistance, rot immunity, AC +3
a: no special abilities


You were on level 3 of the Dungeon.
You were not hungry.

You visited 1 branch of the dungeon, and saw 3 of its levels.

You collected 91 gold pieces.

Inventory:

Hand Weapons
 k - a +2 whip of electrocution (weapon)
Armour
 b - a +0 scale mail (worn)
 c - a +0 shield (worn)
Jewellery
 m - an amulet of regeneration (around neck)
Scrolls
 a - a scroll of identify
 e - a scroll of teleportation
 i - 2 scrolls of magic mapping
Potions
 d - 2 potions of might
 h - a potion of haste
 j - a potion of cancellation
Comestibles
 f - a bread ration
 g - a meat ration


   Skills:
 + Level 3.7 Fighting
 + Level 2.8 Maces & Flails
 + Level 3.9 Armour
 + Level 0.5 Dodging
 + Level 3.9 Shields


You had 3 spell levels left.
You didn't know any spells.

Dungeon Overview and Level Annotations

Branches:
Dungeon (3/15)

Altars:


Innate Abilities, Weirdness & Mutations

You are resistant to torment.
Your stone body is resilient. (AC +3)
You are immune to poison.
You resist negative energy. (rN+)
You are resistant to electric shocks. (rElec)
You can survive without breathing.
You are immune to petrification.
You are immune to rotting.


Message History

The orc hits you but does no damage.
The orc priest mumbles some strange prayers to Beogh against you.
Pain shoots through your body!
You hit the orc.
There is a sudden explosion of sparks!
You kill the orc!
The orc priest casts a cantrip, but nothing happens.
You barely miss the orc priest.
The orc priest hits you but does no damage.
You completely miss the orc priest. The orc barely misses you.
The orc priest hits you but does no damage.
You hit the orc priest.
The orc priest is moderately wounded.
The orc hits you but does no damage. The orc priest closely misses you.
You closely miss the orc priest.
The orc priest is moderately wounded.
The orc hits you.
The orc priest invokes the aid of Beogh against you.
Beogh smites you!
Ouch! That really hurt!
You die...

... ... ...
#.# ####.#
....# #
###.o#.####.
#...@o......
#.#.########
#.....#
#.###.#
#<..# ###.#
.# #


You could see an orc priest and an orc.

Vanquished Creatures
  A gnoll (D:2)
  An ooze (D:2)
  3 dart slugs
  A leopard gecko (D:1)
  2 orcs (D:3)
  2 ball pythons
  3 bats
  2 giant cockroaches (D:1)
  6 goblins
  3 hobgoblins
  7 jackals (D:1)
  6 kobolds
  5 frilled lizards
  4 rats
46 creatures vanquished.

Vanquished Creatures (others)
  5 toadstools (D:1)
5 creatures vanquished.

Grand Total: 51 creatures vanquished

Notes
Turn   | Place    | Note
-------+----------+-------------------------------------------
     0 | D:1      | JeffiDaFish the Gargoyle Fighter began the quest for the Orb.
     0 | D:1      | Reached XP level 1. HP: 14/14 MP: 1/1
    93 | D:1      | Reached XP level 2. HP: 10/19 MP: 2/2
   692 | D:1      | Reached XP level 3. HP: 21/24 MP: 3/3
  1464 | D:2      | Reached XP level 4. HP: 26/29 MP: 4/4
  1964 | D:3      | Killed from afar by an orc priest

Action                   |  1- 3 |  4- 6 || total
-------------------------+-------+-------++-------
Melee: Flail             |   120 |       ||   120
       Whip              |    25 |    32 ||    57
  Use: Potion            |     5 |       ||     5
       Scroll            |     6 |     2 ||     8
  Eat: Chunk             |     2 |     2 ||     4
Armor: Scale mail        |    94 |    13 ||   107
Dodge: Dodged            |    51 |     4 ||    55
Block: Shield            |    87 |     7 ||    94
